AoeStats
← 我说狂阿七比肥龙强,B站关注狂阿七谢谢喵

Arena

510715832Analyzed
4v4 RM · 13h ago on Oct 2, 2026· 36m 6s· 8 players
Game mode
Random Map
Map size
Large (8 player)
Population
200
Speed
Normal
Resources
Standard
Victory
Conquest
Starting age
Dark Age
Ending age
Imperial Age
RankedLock teamsTeams togetherTeam positionsShared explorationLock speedFull tech treeHidden civsTurbo modeCheats
Victory
Defeat
🇨🇳 Bohemians · China
1294
+16
🇨🇳 Britons · China
1077
+24
998
+27
🇩🇪 Mongols · Germany
1330
-24
🇸🇪 Goths · Sweden
1280
-23
🇸🇪 Lithuanians · Sweden
1257
-22
🇮🇳 Tatars · India
1214
-21
Øa10ŚūnyaØx
11:32 Feudal Age
12:08 Double-Bit Axe
16:43 Castle Age
14:38 Horse Collar
15:59 Stone Mining
16:02 Gold Mining
17:23 Bloodlines
18:36 Bow Saw
19:25 Wheelbarrow
23:44 Hand Cart
30:09 Imperial Age
27:50 Husbandry
28:17 Scale Barding Armor
28:23 Forging
28:04 Fletching
28:45 Loom
30:29 Chain Barding Armor
30:56 Gold Shaft Mining
31:25 Conscription
31:01 Elite Keshik
33:00 Plate Barding Armor
33:57 Iron Casting
johansoderstrom1
11:09 Feudal Age
15:19 Castle Age
13:29 Double-Bit Axe
16:25 Bow Saw
21:52 Horse Collar
25:23 Wheelbarrow
25:03 Heavy Plow
29:36 Imperial Age
27:54 Anarchy
30:27 Scale Mail Armor
30:37 Forging
31:30 Squires
32:33 Chain Mail Armor
32:53 Iron Casting
Doris
9:17 Loom
11:03 Feudal Age
15:40 Castle Age
17:21 Fletching
20:04 Double-Bit Axe
24:14 Padded Archer Armor
25:36 Wheelbarrow
24:47 Town Watch
26:30 Elite Skirmisher
35:15 Hand Cart
ikaros
10:07 Feudal Age
14:12 Castle Age
12:38 Double-Bit Axe
18:43 Horse Collar
22:16 Loom
27:55 Imperial Age
26:10 Bow Saw
26:19 Bloodlines
26:36 Scale Barding Armor
26:38 Gold Mining
27:04 Forging
27:27 Husbandry
27:59 Chain Barding Armor
28:11 Cavalier
31:05 Plate Barding Armor
33:16 Two-Man Saw
33:41 Conscription
35:23 Iron Casting
从不压堡之人
10:13 Feudal Age
14:02 Castle Age
11:51 Double-Bit Axe
12:14 Horse Collar
15:53 Wheelbarrow
18:19 Loom
21:17 Bow Saw
23:16 Stone Mining
23:32 Town Watch
25:33 Hand Cart
26:25 Gold Mining
30:05 Imperial Age
28:20 Gold Shaft Mining
27:14 Man-at-Arms
27:40 Gambesons
27:40 Arson
27:55 Squires
27:42 Arson
28:22 Scale Mail Armor
28:32 Forging
28:25 Fletching
29:12 Ballistics
28:19 Long Swordsman
29:24 Chain Mail Armor
29:42 Bodkin Arrow
30:00 Forging
31:17 Iron Casting
30:45 Bracer
31:46 Chemistry
30:13 Two-Handed Swordsman
31:28 Yeomen
31:30 Conscription
31:30 Guilds
32:23 Plate Mail Armor
31:58 Champion
35:12 Blast Furnace
34:13 Padded Archer Armor
34:32 Siege Engineers
34:08 Treadmill Crane
35:42 Two-Man Saw
34:45 Heavy Plow
34:30 Elite Longbowman
沃香柑
11:35 Feudal Age
13:11 Double-Bit Axe
16:11 Castle Age
17:07 Bow Saw
20:27 Imperial Age
18:48 Fervor
19:26 Horse Collar
21:25 Chemistry
32:00 Heavy Plow
34:32 Wheelbarrow
35:40 Padded Archer Armor
36:12 Hand Cart
36:17 Padded Archer Armor
洗心革面重新做人TownYan
8:36 Feudal Age
7:35 Loom
10:10 Horse Collar
10:15 Double-Bit Axe
10:43 Fletching
17:45 Wheelbarrow
20:42 Castle Age
21:17 Crossbowman
22:27 Bodkin Arrow
23:44 Ballistics
25:02 Thumb Ring
27:02 Padded Archer Armor
27:44 Town Watch
34:09 Imperial Age
33:34 Hand Cart
34:51 Bracer
35:56 Chemistry
我说狂阿七比肥龙强,B站关注狂阿七谢谢喵
8:52 Feudal Age
8:26 Double-Bit Axe
8:23 Horse Collar
15:56 Castle Age
15:43 Wheelbarrow
15:54 Wheelbarrow
16:07 Bow Saw
22:52 Hand Cart
23:57 Gold Mining
24:17 Heavy Plow
25:04 Treadmill Crane
28:17 Imperial Age
25:45 Loom
25:46 Town Watch
26:09 Stone Mining
26:55 Gold Shaft Mining
26:55 Ballistics
26:46 Forging
26:26 Fletching
27:58 Stone Shaft Mining
27:29 Squires
27:14 Arson
28:27 Iron Casting
28:15 Conscription
27:51 Man-at-Arms
28:18 Elite Karambit Warrior
30:05 Chemistry
30:12 Blast Furnace
29:07 Bodkin Arrow
29:17 Bodkin Arrow
30:04 Guilds
31:14 Bombard Tower
31:00 Siege Engineers
30:21 Capped Ram
31:31 Bracer
Connection lost

Rejoining the realm…

Still unreachable

The connection could not be restored.

Session expired

The server has moved on; the page needs a fresh start.